 Dungeon Crawl Stone Soup version 0.28-a0-998-gb9e9c7b67e (webtiles) character file.

Game seed: 11678878704288124760

380 ytrimaz the Conjurer (level 6, 0/54 HPs)
             Began as an Octopode Conjurer on Dec 5, 2021.
             Slain by a water moccasin zombie (4 damage)
             ... in an ossuary.
             The game lasted 00:05:14 (3671 turns).

ytrimaz the Conjurer (Octopode Conjurer)            Turns: 3671, Time: 00:05:14

Health: 0/54       AC:  1    Str:  6      XL:     6   Next: 75%
Magic:  9/12       EV: 12    Int: 21 (22) God:
Gold:   164        SH:  3    Dex: 14 (17) Spells: 11/14 levels left

rFire   . . .      SeeInvis .     - Unarmed
rCold   . . .      Faith    .   f - +0 buckler
rNeg    . . .      Spirit   .   (helmet restricted)
rPois   +          Reflect  .   (no amulet)
rElec   .          Harm     .   e - +6 ring of dexterity
rCorr   .          Rampage  .   g - ring of poison resistance
Will    .....                   (no ring)
Stlth   ..........              (no ring)
HPRegen 0.18/turn               (no ring)
MPRegen 0.13/turn               (no ring)
                                (no ring)
                                (no ring)

@: berserking, very quick
A: almost no armour, amphibious, 8 rings, camouflage 1, gelatinous body 1,
(nimble swimmer 1), tentacles
a: no special abilities


You were in an ossuary.
You visited 1 branch of the dungeon, and saw 4 of its levels.
You also visited: Ossuary.

You collected 164 gold pieces.

Inventory:

Armour
 f - a +0 buckler (worn)
Jewellery
 e - a +6 ring of dexterity (left tentacle)
 g - a ring of poison resistance (right tentacle)
Scrolls
 a - 3 scrolls of teleportation
 j - a scroll of vulnerability
Potions
 b - 3 potions of attraction
 c - a potion of lignification
 d - a potion of might
 h - a potion of berserk rage


   Skills:
 - Level 2.0 Dodging
 - Level 2.6 Stealth
 - Level 0.6 Shields
 * Level 2.3 Unarmed Combat
 * Level 4.6 Spellcasting
 + Level 5.5 Conjurations


You had 11 spell levels left.
You knew the following spells:

 Your Spells              Type           Power      Damage    Failure   Level
a - Magic Dart            Conj           100%       1d8       1%          1
b - Searing Ray           Conj           56%        2d6       2%          2

Your spell library contained the following spells:

 Spells                   Type           Power      Damage    Failure   Level
 Dazzling Flash           Conj/Hex       32%        N/A       16%         3
 Ensorcelled Hibernation  Hex/Ice        8%         N/A       26%         2
 Spider Form              Tmut/Pois      4%         N/A       45%         3
 Fulminant Prism          Conj/Hex       8%         3d7       47%         4
 Iskenderun's Mystic Bla  Conj/Tloc      16%        2d5       47%         4


Dungeon Overview and Level Annotations

Branches:
Dungeon (4/15)            Ossuary (1/1)
 Temple: D:4-7

Altars:
Makhleb

Shops:
D:4 =


Innate Abilities, Weirdness & Mutations

You cannot wear most types of armour.
You are amphibious.
You can wear up to eight rings at the same time.
Your skin changes colour to match your surroundings (Stealth+).
Your rubbery body absorbs attacks. (AC +1, EV +1)
((You are camouflaged near water. (Stealth+)))
You have tentacles for arms and can constrict up to eight enemies at once.


Message History

The water moccasin zombie is almost destroyed.
You constrict the water moccasin zombie.
The water moccasin zombie bites you.
The hobgoblin zombie closely misses you.
Unknown command.
You tentacle-slap the water moccasin zombie.
You destroy the water moccasin zombie!
You block the hobgoblin zombie's attack.
You feel your intelligence returning.
Unknown command.
Unknown command.
Casting: Magic Dart (safe; 1% risk of failure)
Confirm with . or Enter, or press ? or * to list all spells.
Aiming: Searing Ray (safe; 2% risk of failure)
Press: ? - help, Shift-Dir - straight line The searing ray hits the kobold zombie!
You destroy the kobold zombie!
The searing ray hits the water moccasin zombie!
The water moccasin zombie is moderately damaged.
The searing ray hits the water moccasin zombie.
The water moccasin zombie is lightly damaged. (Press . to maintain the ray.)
The searing ray hits the water moccasin zombie.
The water moccasin zombie is moderately damaged.
The searing ray hits the hobgoblin zombie.
The hobgoblin zombie is moderately damaged.
The water moccasin zombie bites you!
* * * LOW HITPOINT WARNING * * *
The water moccasin zombie bites you.
* * * LOW HITPOINT WARNING * * *
It was a potion of berserk rage.
A red film seems to cover your vision as you go berserk!
You feel yourself moving faster!
You feel mighty!
You block the water moccasin zombie's attack.
Unknown command.
You tentacle-slap the water moccasin zombie.
Your grab misses the water moccasin zombie.
The water moccasin zombie is heavily damaged.
The water moccasin zombie bites you.
You die...

+!()?#.∩.'...#
#!!!?#...#...#
#### #####...#
#...# #'###
#...# #...#
#...# #@..#
#Z### #ZZ.#
#ZZ.# #...#
#...# ###+#


You could see an adder zombie, 2 water moccasin zombies, a hobgoblin zombie and
an orc zombie.

Vanquished Creatures
  A black bear (D:4)
  A scorpion (D:4)
  A water moccasin zombie (Ossuary)
  A hound (D:4)
  A jelly (D:4)
  3 adders (D:2)
  An ufetubus (D:2)
  A worm (D:2)
  2 adder skeletons (D:4)
  3 dart slugs
  2 orcs (D:4)
  7 ball pythons
  4 endoplasms
  3 giant cockroaches
  7 goblins
  5 hobgoblins
  2 jackals (D:4)
  A quokka (D:1)
  4 bats
  5 frilled lizards
  A jackal skeleton (D:4)
  6 kobolds
  2 kobold zombies (Ossuary)
  7 rats
71 creatures vanquished.

Vanquished Creatures (others)
  5 toadstools (D:1)
5 creatures vanquished.

Grand Total: 76 creatures vanquished

Notes
Turn   | Place    | Note
-------+----------+-------------------------------------------
     0 | D:1      | ytrimaz the Octopode Conjurer began the quest for the Orb.
     0 | D:1      | Reached XP level 1. HP: 11/11 MP: 3/3
   258 | D:1      | Reached XP level 2. HP: 17/17 MP: 1/5
   911 | D:2      | Reached XP level 3. HP: 21/21 MP: 2/6
   976 | D:2      | Found a faded altar of an unknown god.
   976 | D:2      | Noticed a soul eater
  1076 | D:2      | Reached skill level 1 in Unarmed Combat
  1546 | D:2      | Reached XP level 4. HP: 27/27 MP: 2/7
  1752 | D:2      | Learned a level 2 spell: Searing Ray
  2779 | D:4      | Found Ushex's Jewellery Shoppe.
  2818 | D:4      | Reached skill level 5 in Conjurations
  2818 | D:4      | Reached XP level 5. HP: 17/31 MP: 4/9
  2963 | D:4      | Noticed a black bear
  3123 | D:4      | Killed a black bear
  3124 | D:4      | Reached XP level 6. HP: 31/36 MP: 1/12
  3224 | D:4      | Found a burning altar of Makhleb.
  3505 | D:4      | Found a sand-covered staircase.
  3514 | Ossuary  | Entered an ossuary
  3671 | Ossuary  | Slain by a water moccasin zombie

Illustrated notes

Levels and vault maps discovered:
D:1:      ldierk_walled_garden, layout_rooms
D:2:      layout_basic, dreamdust_ecumenical_altar_sealed_demon
D:3:      layout_basic, kennysheep_generic_room_7
D:4:      layout_loops_cross, kennysheep_little_box, enter_ossuary_1,
          serial_shops, nicolae_stop_n_shop_2, kennysheep_another_room,
          serial_park_tiny_pond
Ossuary:  ossuary_tomb_2

Skill      XL: |  1  2  3  4  5 |
---------------+----------------+-----
Unarmed Combat | 1 2 |  2.3
Spellcasting   | 3 4 |  4.6
Conjurations   | 5 |  5.5
Dodging        | |  2.0
Stealth        | |  2.6
Shields        | |  0.6

Action                   |  1- 3 |  4- 6 || total
-------------------------+-------+-------++-------
Melee: Unarmed           |     1 |    47 ||    48
       Tentacles         |     1 |    10 ||    11
       Constrict         |       |    12 ||    12
 Cast: Magic Dart        |    53 |    67 ||   120
       Searing Ray       |       |     3 ||     3
  Use: Scroll            |     2 |     4 ||     6
       Potion            |       |     4 ||     4
 Stab: Sleeping          |       |     3 ||     3
Armor: Skin              |       |     7 ||     7
Dodge: Dodged            |       |    27 ||    27
Block: Buckler           |       |     9 ||     9

Table legend: (Time is in decaauts)
 A = Elapsed time spent in this place.
 B = Non-inter-level travel time spent in this place.
 C = Inter-level travel time spent in this place.
 D = Time resting spent in this place.
 E = Time spent auto-exploring this place.
 F = Levels seen in this place.
 G = Mean time per level.
                   A        B        C        D        E       F      G
               +--------+--------+--------+--------+--------+-----+--------+
         Total |   3671 |   3613 |     58 |    229 |   2710 |   5 |  734.2 |
       Dungeon |   3513 |   3455 |     58 |    105 |   2710 |   4 |  878.2 |
       Ossuary |    157 |    157 |      0 |    124 |      0 |   1 |  157.0 |
               +--------+--------+--------+--------+--------+-----+--------+

Top non-repeatable levels by time:
     D:3: 1010 daAuts
     D:1: 896 daAuts
     D:2: 870 daAuts
     D:4: 735 daAuts
 Ossuary: 157 daAuts
